Map: Bel'Shir Vestige LE (Void)

Players

Musumeci - Winner!

  • Race: Zerg Zerg
  • League: Diamond
  • Spawn Location: 11:00

IIIIIIIIIIII

  • Race: Terran Terran
  • League: Grandmaster
  • Spawn Location: 5:00

VOD

Have the link to the VOD?

Description

Time

  • Played on: April 3, 2017, 4:38 a.m.
  • Length: 16:31
Show
View Real Time Build Order
Export as new Build Order

Musumeci Zerg - Winner!

Build Orders: Hatch First 

Get SALT Encoding   

  12  0:02  Drone  
  13  0:08  Drone  
  14  0:14  Extractor  
  14  0:16  Drone  
  15  0:45  Hatchery  
  15  0:49  Extractor  
  14  0:50  Drone  
  15  1:01  Spawning Pool  
  14  1:07  Extractor  
  14  1:08  Drone  
  14  1:13  Drone, Extractor  
  16  1:19  Overlord  
  16  1:38  Drone x2  
  18  1:40  Drone  
  19  1:47  Queen  
  19  1:51  Drone  
  22  1:56  Queen  
  22  1:58  Drone  
  25  2:04  Overlord  
  25  2:08  Drone  
  26  2:14  Drone  
  27  2:18  Drone  
  28  2:23  Overlord  
  28  2:31  Queen  
  28  2:32  Extractor  
  29  2:37  Queen  
  29  2:41  Drone x2  
  29  2:42  Drone  
  34  2:44  Drone  
  34  2:49  Extractor  
  34  2:50  Drone  
  36  2:55  Drone  
  37  3:05  Drone  
  37  3:06  Drone x6  
  37  3:08  Extractor  
  44  3:37  Overlord  
  44  3:38  Extractor x2  
  44  3:39  Overlord  
  44  3:40  Roach Warren  
  41  3:45  Drone x3  
  44  4:04  Drone x6  
  50  4:10  Extractor  
  49  4:20  Evolution Chamber  
  49  4:21  Evolution Chamber  
  49  4:22  Evolution Chamber  
  46  4:28  Hatchery  
  45  4:32  Roach  
  45  4:33  Roach x5  
  57  4:39  Spore Crawler x2  
  57  4:41  Spore Crawler  
  57  4:43  Roach  
  57  4:44  Roach  
  58  5:07  Drone x2  
  59  5:08  Overlord  
  59  5:09  Overlord  
  60  5:32  Lair  
  60  5:33  Drone  
  60  5:34  Drone x2  
  60  5:35  Extractor  
  62  5:36  Drone x2  
  62  5:37  Drone  
  65  5:47  Overlord x2  
  65  5:50  Roach x3  
  65  5:53  Overlord x3  
  65  5:54  Overlord  
  71  5:58  Zerg Missile Weapons Level 1  
  71  5:59  Zerg Ground Armor Level 1  
  71  6:01  Roach  
  73  6:07  Spore Crawler  
  73  6:08  Drone x5  
  77  6:14  Drone x5  
  77  6:16  Ravager x2  
  77  6:17  Ravager x2  
  86  6:56  Roach x8  
  86  6:57  Roach x5  
  86  6:58  Drone x3  
  86  6:59  Drone x3  
  118  7:03  Extractor  
  118  7:04  Extractor  
  116  7:21  Glial Reconstitution  
  116  7:25  Ravager x3  
  119  7:39  Overlord x2  
  119  7:40  Overlord x2  
  113  7:52  Zerg Missile Weapons Level 2, Zerg Ground Armor Level 2  
  113  8:01  Drone, Ravager x3  
  113  8:02  Drone x6  
  113  8:03  Drone  
  124  8:06  Drone  
  124  8:07  Drone  
  126  8:22  Hatchery, Overlord  
  126  8:24  Roach x3  
  126  8:25  Roach x3  
  137  8:43  Ravager x4  
  137  8:44  Ravager x4  
  137  8:45  Overlord  
  137  8:46  Overlord x9  
  145  8:52  Drone  
  146  8:59  Roach  
  146  9:05  Roach x4  
  146  9:06  Roach x6  
  163  9:15  Infestation Pit  
  164  9:17  Ravager x2  
  164  9:19  Ravager  
  164  9:20  Ravager  
  165  9:27  Ravager  
  166  9:40  Roach x3  
  166  9:41  Roach x7  
  186  9:49  Roach  
  186  9:50  Roach x5  
  198  9:54  Drone x2  
  200  10:09  Extractor  
  200  10:12  Extractor  
  194  10:31  Roach x3  
  177  10:50  Ravager  
  177  10:51  Ravager x3  
  177  10:55  Ravager x6  
  177  11:24  Roach x15  
  177  11:25  Roach x10  
  197  11:37  Hive  
  197  11:48  Roach  
  197  11:52  Ravager  
  198  12:11  Spore Crawler  
  198  12:13  Spore Crawler  
  196  12:26  Ravager x3  
  196  12:27  Ravager  
  200  12:34  Spore Crawler  
  200  12:35  Spore Crawler x2  
  182  12:38  Ravager x5  
  182  12:41  Ravager x3  
  173  12:53  Ravager x3  
  173  12:54  Ravager  
  177  13:07  Roach x10  
  179  13:15  Roach x16  
  179  13:19  Roach  
  200  13:20  Roach x7  
  200  13:22  Ravager  
  196  13:34  Zerg Missile Weapons Level 3, Zerg Ground Armor Level 3  
  196  14:08  Hatchery  
  189  14:13  Extractor  
  189  14:14  Extractor  
  149  14:21  Roach x15  
  157  14:36  Roach x15  
  151  14:53  Roach x7  
  160  15:03  Ravager x7  
  163  15:10  Roach x10  
  163  15:11  Roach x3  
  173  15:31  Roach x12  
  173  15:33  Ravager x6  
  173  15:34  Ravager  
  170  15:58  Roach  
  170  15:59  Roach x9  
  170  16:02  Spore Crawler  
Show
View Real Time Build Order
Export as new Build Order

IIIIIIIIIIII Terran 

Build Orders: MMM Bio 

Get SALT Encoding   

  12  0:00  SCV  
  13  0:13  SCV  
  14  0:18  Supply Depot  
  14  0:25  SCV  
  15  0:31  Refinery  
  15  0:40  SCV  
  16  0:44  Barracks  
  16  0:52  SCV  
  17  1:04  SCV  
  18  1:16  SCV  
  20  1:33  Orbital Command  
  20  1:34  Reaper  
  20  1:45  Command Center  
  20  2:00  SCV  
  21  2:03  Barracks  
  21  2:11  Barracks Reactor  
  21  2:12  SCV  
  22  2:20  Supply Depot  
  22  2:24  SCV  
  23  2:42  SCV  
  24  2:50  Marine x2  
  24  2:51  Barracks Tech Lab  
  26  2:54  SCV  
  27  3:07  Marine  
  27  3:08  Marine  
  27  3:12  Orbital Command  
  29  3:19  Marine, Stimpack  
  30  3:20  SCV  
  30  3:22  Refinery  
  30  3:25  Marine x2  
  32  3:32  SCV  
  33  3:37  Marine  
  33  3:39  SCV  
  33  3:40  Supply Depot  
  35  3:43  Marine  
  35  3:44  SCV, Marine, Factory  
  38  3:51  SCV  
  39  3:57  Marine  
  39  3:59  SCV  
  40  4:03  Marine, Supply Depot  
  40  4:04  Marine  
  40  4:05  SCV  
  40  4:06  Bunker  
  43  4:12  Supply Depot  
  43  4:15  Marine  
  43  4:16  SCV  
  45  4:18  SCV  
  45  4:21  Marine x2  
  48  4:26  Supply Depot  
  48  4:28  SCV  
  48  4:30  Starport, Factory Reactor  
  49  4:33  Marine  
  49  4:37  Supply Depot  
  50  4:39  Marine x2  
  52  4:46  Supply Depot  
  52  4:47  SCV x2  
  52  4:51  Marine  
  55  4:59  SCV x2  
  57  5:01  Supply Depot  
  57  5:02  Marine  
  58  5:11  SCV  
  58  5:13  SCV  
  60  5:16  Factory Reactor  
  60  5:18  Marine  
  60  5:20  Command Center  
  61  5:23  SCV  
  62  5:29  Medivac x2  
  62  5:31  SCV  
  67  5:36  SCV  
  67  5:37  Marine, Combat Shields  
  67  5:39  Marine  
  70  5:42  Engineering Bay  
  70  5:43  Refinery, SCV  
  70  5:44  Refinery  
  70  5:46  Engineering Bay  
  71  5:52  Marine  
  71  5:55  SCV  
  73  6:01  Factory Reactor  
  73  6:03  SCV, Barracks  
  74  6:05  Barracks  
  74  6:07  SCV  
  74  6:09  Marine, Supply Depot  
  74  6:10  Marine  
  74  6:11  Marine  
  78  6:14  Medivac  
  78  6:15  SCV, Medivac  
  83  6:30  Marine  
  83  6:31  Marauder  
  82  6:42  Orbital Command, SCV  
  82  6:44  Medivac  
  82  6:45  Marine, Medivac  
  82  6:46  Armory  
  87  6:52  Marauder  
  84  6:55  Terran Infantry Armor Level 1, Terran Infantry Weapons Level 1  
  84  6:58  Marine  
  85  7:03  SCV  
  85  7:07  Barracks  
  86  7:09  Barracks  
  86  7:11  Marine  
  86  7:13  Factory Tech Lab  
  86  7:14  Marauder, Marine  
  90  7:16  Marine  
  90  7:18  SCV  
  92  7:24  Marine  
  92  7:29  SCV, Marine  
  95  7:30  SCV  
  95  7:32  Orbital Command, Marine  
  95  7:34  Marine, Supply Depot  
  95  7:35  Marauder  
  100  7:41  Marine  
  101  7:47  Marine  
  101  7:49  SCV  
  101  7:50  SCV, Marine  
  105  7:52  Marine  
  105  7:54  Medivac x2  
  105  7:56  Marauder  
  105  7:57  Barracks Tech Lab  
  112  8:00  Barracks Reactor  
  112  8:01  Siege Tank  
  115  8:07  Bunker  
  115  8:10  SCV, Supply Depot  
  115  8:12  SCV  
  117  8:18  Marauder  
  117  8:19  Marauder, Marine  
  122  8:26  SCV  
  123  8:27  Terran Vehicle Weapons Level 1  
  123  8:33  Siege Tank, Supply Depot  
  124  8:37  Marine x4  
  124  8:39  Marauder  
  124  8:41  Marauder  
  132  8:42  Supply Depot  
  132  8:44  Supply Depot  
  132  8:49  Sensor Tower, Supply Depot  
  132  8:57  Barracks, Marine x3  
  132  9:00  Marine x3  
  132  9:01  Marauder  
  141  9:03  Marauder  
  141  9:04  Marine x2  
  141  9:05  Siege Tank  
  146  9:18  Marine x3  
  146  9:19  Factory, Barracks  
  146  9:21  Marine x2  
  146  9:22  Marauder  
  153  9:27  Medivac x2  
  157  9:32  Supply Depot  
  157  9:34  Supply Depot  
  157  9:35  Marauder  
  157  9:36  Supply Depot  
  157  9:37  Siege Tank  
  156  9:39  Terran Infantry Armor Level 2  
  156  9:43  Marauder  
  156  9:44  SCV  
  156  9:45  Refinery, Marine  
  160  9:49  Terran Infantry Weapons Level 2  
  160  9:54  Barracks Tech Lab  
  160  9:56  Marine x2  
  160  9:57  Marauder  
  164  10:07  Marine x4  
  164  10:08  Marine x2  
  164  10:14  Refinery, Siege Tank, Factory Tech Lab  
  157  10:46  Marine  
  157  10:47  Marauder  
  151  10:53  Fusion Core, Siege Tank x2  
  151  10:54  Marauder, Marine x2  
  151  10:55  Marauder  
  163  11:03  Marine  
  163  11:04  Marine x5  
  164  11:08  Marauder  
  162  11:20  Marine  
  162  11:21  Marauder, Marine x6  
  160  11:25  Siege Tank x2  
  160  11:32  Marine x2  
  163  11:33  Marauder, Medivac x2  
  171  11:40  Sensor Tower  
  170  11:54  Marauder, Marine x3  
  173  11:57  Siege Tank  
  173  12:00  Marine x2  
  180  12:01  Marine  
  180  12:02  Marauder, Marine x2  
  175  12:14  Factory Tech Lab  
  175  12:15  Marauder, Marine x4, Command Center  
  185  12:23  Liberator  
  185  12:26  Liberator  
  185  12:29  Siege Tank  
  188  12:30  Bunker  
  186  12:38  Marauder, Marine  
  186  12:40  Marine  
  179  12:52  Marine x7  
  186  12:58  Siege Tank  
  187  13:12  Marine  
  187  13:13  Marauder, Marine x2, Siege Tank  
  176  13:21  Marine x4  
  176  13:22  Marine x2  
  176  13:23  Medivac  
  176  13:26  Medivac  
  184  13:34  Terran Infantry Weapons Level 3, Marine x2, Terran Infantry Armor Level 3  
  184  13:35  Marine x2  
  188  13:44  Marine x2  
  190  13:49  Marauder, Marine x2  
  190  13:53  Medivac  
  196  14:00  Marauder, Marine x3  
  190  14:16  Marauder, Marine x3  
  173  14:18  Marauder  
  173  14:20  Marine x3  
  173  14:22  Marauder  
  155  14:24  Marine  
  141  14:32  Marine  
  141  14:33  Marine  
  141  14:34  Marine  
  141  14:37  Marine x2  
  141  14:38  Marauder  
  129  14:40  Marauder  
  129  14:42  Marine x3  
  129  14:43  Marauder  
  129  14:45  Marine  
  120  14:50  Marine x2  
  120  14:51  Marine  
  117  14:55  Marine  
  117  14:56  Marine  
  117  14:59  Marauder  
  107  15:00  Marine  
  107  15:01  Marauder, Marine  
  107  15:03  Marine  
  107  15:05  Marauder  
  109  15:11  Marine x2  
  105  15:15  Marine x2  
  105  15:20  Marauder  
  104  15:23  Marine  
  104  15:26  Marauder  
  104  15:31  Marine  
  104  15:34  Marine x2  
  86  15:40  Marine x2  
  86  15:42  Marauder  
  82  15:47  Marauder  
  78  15:50  Marine  
  76  15:57  Marine x2  
  76  15:58  Medivac  
  76  16:01  Marine  
  76  16:03  Marauder  
  83  16:08  Marine  
  83  16:09  Marauder  
Tags
 
Add a new tag
Caveats
  • Supply blocks, unpowered buildings, or Contaminate may cause inaccurate times.
  • Supply counts are checked every 10 seconds.